 Dungeon Sprint DCSS version 0.30.1-9-gdf580d7c3d (webtiles) character file.

Game seed: 101591800988861471

134 Heoruswealwe the Spear-Bearer (level 4, -2/45 HPs)
             Began as a Minotaur Fighter on Oct 19, 2023.
             Was an Initiate of Gozag.
             Slain by a kobold demonologist
             ... wielding a +0 dagger
              (4 damage)
             ... in the Dungeon (Sprint IX: "|||||||||||||||||||||||||||||").
             The game lasted 00:02:54 (180 turns).

Heoruswealwe the Spear-Bearer (Minotaur Fighter)     Turns: 180, Time: 00:02:56

Health: -2/45      AC: -2    Str: 26    XL:     4   Next: 95%
Magic:  3/3        EV: 10    Int:  5    God:    Gozag
Gold:   0          SH:  0    Dex:  9    Spells: 3/3 levels left

rFire   . . .        b - +2 halberd (venom)
rCold   . . .        (shield currently unavailable)
rNeg    . . .        c - +2 ring mail
rPois   .            (helmet restricted)
rElec   .            h - +0 cloak
rCorr   .            f - +0 pair of gloves
SInv    .            (no boots)
Will    .....        (no amulet) Stlth
                     k - +2 ring of protection
HPRegen 0.27/turn    j - +3 ring of strength
MPRegen 0.08/turn

%: no teleportation
@: corroded
A: horns 2, retaliatory headbutt
a: Renounce Religion, Potion Petition, Call Merchant, Bribe Branch


You were in the Dungeon.
You worshipped Gozag.
Gozag was noncommittal.
You visited 1 branch

Inventory:

Hand Weapons
 a - a +0 trident
 b - a +2 halberd of venom (weapon)
Armour
 c - a +2 ring mail (worn)
 d - a +0 buckler
 f - a +0 pair of gloves (worn)
 h - a +0 cloak (worn)
Jewellery
 j - a +3 ring of strength (right hand)
 k - a +2 ring of protection (left hand)
Wands
 l - a wand of roots (9)
Scrolls
 o - 2 scrolls of blinking
Potions
 e - 5 potions of curing
 g - a potion of haste
 i - a potion of berserk rage
 m - a potion of heal wounds
 n - a potion of might


   Skills:
 + Level 6.9 Fighting
 * Level 8.7 Polearms
 + Level 6.9 Armour
 - Level 3.6 Shields


You had 3 spell levels left.
You didn't know any spells.
Your spell library was empty.

Dungeon Overview and Level Annotations

Branches:
Dungeon (1/1)

Altars:
Cheibriados
Dithmenos
Elyvilon
Fedhas
Gozag
Hepliaklqana
Kikubaaqudgha
Makhleb
Nemelex Xobeh
Okawaru
Qazlal
Ru
Sif Muna
Trog
Uskayaw
Vehumet
Wu Jian
Xom
Yredelemnul
Zin
The Shining One
Jiyva
Lugonu


Innate Abilities, Weirdness & Mutations

You have a pair of horns on your head.
You reflexively headbutt those who attack you in melee.


Message History

Press: ? - help, Shift-Dir - straight line, f - yak
Aim: a yak The roots erupt in riotous growth!
Roots grab the kobold demonologist.
Roots grab the yak.
The grasping roots constrict the yak.
The grasping roots constrict the kobold demonologist.
The kobold demonologist hits you with a +0 dagger.
The crimson imp hits you.
* * * LOW HITPOINT WARNING * * *
You hit the kobold demonologist.
The kobold demonologist looks as sick as possible!
The kobold demonologist is heavily wounded.
The grasping roots constrict the yak!
The grasping roots constrict the kobold demonologist.
The roots release their grip on the kobold demonologist.
The kobold demonologist hits you with a +0 dagger.
* * * LOW HITPOINT WARNING * * *
The crimson imp blinks!
You barely miss the kobold demonologist.
Your headbutt misses the kobold demonologist.
The kobold demonologist is severely wounded.
The grasping roots constrict the yak!
The roots release their grip on the yak.
The kobold demonologist casts a cantrip, but nothing happens.
The crimson imp hits you.
* * * LOW HITPOINT WARNING * * *
You hit the kobold demonologist but do no damage.
The kobold demonologist is severely wounded.
The kobold demonologist hits you with a +0 dagger.
* * * LOW HITPOINT WARNING * * *
The crimson imp blinks!
The kobold demonologist gestures wildly while chanting.
Unknown command.
You hit the kobold demonologist but do no damage.
The kobold demonologist looks as sick as possible!
The kobold demonologist is severely wounded.
The crimson imp blinks!
The kobold demonologist hits you with a +0 dagger.
You die...
Your body crumbles into a pile of gold. ▓▓▓▓▓▓▓▓▓▓▓▓▓▓▓▓▓▓▓▓▓▓▓▓ ..zYgYK@§...5)?!'_______ ▓▓▓▓▓▓▓▓▓▓▓▓▓▓▓▓▓▓▓▓▓▓▓▓ $ $$$$$ $ $ $ $$$$$ $$$$$$

You could see a kobold demonologist (extremely poisoned), 2 yaks, a gnoll sergeant, a wight and a crimson imp (summoned).

Vanquished Creatures
  A howler monkey (D)
  2 hounds (D)
  A sleepcap (D)
  2 orcs (D)
  A ball python (D)
  A bat (D)
  A goblin (D)
  A hobgoblin (D)
  A frilled lizard (D)
11 creatures vanquished.

Notes
Turn   | Place    | Note
-------+----------+-------------------------------------------
     0 | D        | Heoruswealwe the Minotaur Fighter began the quest for the
                  | Orb.
     0 | D        | Reached XP level 1. HP: 19/19 MP: 0/0
     6 | D        | Reached skill level 3 in Polearms
    22 | D        | Noticed a hound
    22 | D        | Noticed a sleepcap
    22 | D        | Noticed a hound
    31 | D        | Killed a hound
    32 | D        | Reached skill level 5 in Fighting
    32 | D        | Reached skill level 5 in Polearms
    32 | D        | Reached skill level 5 in Armour
    32 | D        | Reached XP level 2. HP: 21/29 MP: 1/1
    32 | D        | Reached XP level 3. HP: 27/36 MP: 2/2
    42 | D        | Reached skill level 6 in Polearms
    50 | D        | Reached skill level 7 in Polearms
    50 | D        | Reached XP level 4. HP: 25/45 MP: 3/3
    60 | D        | Found a snail-covered altar of Cheibriados.
    60 | D        | Found a shadowy altar of Dithmenos.
    60 | D        | Found a white marble altar of Elyvilon.
    60 | D        | Found a blossoming altar of Fedhas.
    60 | D        | Found an opulent altar of Gozag.
    61 | D        | Found a hazy altar of Hepliaklqana.
    62 | D        | Found a viscous altar of Jiyva.
    63 | D        | Found an ancient bone altar of Kikubaaqudgha.
    64 | D        | Found a corrupted altar of Lugonu.
    65 | D        | Found a burning altar of Makhleb.
    66 | D        | Found a sparkling altar of Nemelex Xobeh.
    67 | D        | Found an iron altar of Okawaru.
    68 | D        | Became a worshipper of Gozag Ym Sagoz the Greedy
    69 | D        | Found a stormy altar of Qazlal.
    70 | D        | Found a sacrificial altar of Ru.
    71 | D        | Found a shimmering blue altar of Sif Muna.
    72 | D        | Found a bloodstained altar of Trog.
    73 | D        | Found a hide-covered altar of Uskayaw.
    74 | D        | Found a radiant altar of Vehumet.
    75 | D        | Found an ornate altar of the Wu Jian Council.
    76 | D        | Found a shimmering altar of Xom.
    77 | D        | Found a basalt altar of Yredelemnul.
    78 | D        | Found a glowing silver altar of Zin.
    79 | D        | Found a glowing golden altar of the Shining One.
   157 | D        | Noticed a yak
   157 | D        | Noticed a gnoll sergeant
   157 | D        | Noticed a yak
   157 | D        | Noticed a kobold demonologist
   160 | D        | Reached skill level 8 in Polearms
   160 | D        | Noticed a rust devil
   174 | D        | HP: 2/45 [crimson imp[a kobold demonologist] (1)]
   179 | D        | HP: 2/45 [kobold demonologist/+0 dagger (2)]
   180 | D        | Slain by a kobold demonologist

Illustrated notes

Levels and vault maps discovered:
D:        linesprint [early_d, line_temple, items_1, d_10, items_2, lair_1,
          lair_end, items_3, orc_1, orc_end, items_4, d_15, swamp_1, shoals_1,
          snake_1, spider_1, d_20, vaults_1, items_5, swamp_end, shoals_end,
          snake_end, spider_end, vaults_end, d_27, items_6, zot_1, zot_end,
          crypt_end, forest_end, elf_end, slime_end, tomb_end, abyss_end,
          pan_hell_end]

Skill      XL: |  1  2  3  4 |
---------------+-------------+-----
Polearms       | 5 7 8 |  8.7
Fighting       | 5 6 |  6.9
Armour         | 5 6 |  6.9
Shields        | |  3.6

Action                     |  1- 3 |  4- 6 || total
---------------------------+-------+-------++-------
  Melee: Trident           |    36 |     4 ||    40
         Headbutt          |     3 |     5 ||     8
         Halberd           |       |    21 ||    21
  Evoke: Wand              |       |     1 ||     1
    Use: Potion            |     1 |     1 ||     2
 Armour: Scale mail        |    16 |       ||    16
         Ring mail         |       |     2 ||     2
  Dodge: Dodged            |    11 |     3 ||    14
  Block: Buckler           |     3 |       ||     3
